 Dungeon Crawl Stone Soup version 0.27.0-1-g7a089689b8 (webtiles) character file.

Game seed: 7393938969902302509

16097 Demosthentine the Spear-Bearer (level 12, -2/100 HPs)
             Began as a Merfolk Gladiator on Aug 2, 2021.
             Was a High Priest of the Shining One.
             Slain by a slime creature (9 damage)
             ... on level 12 of the Dungeon.
             The game lasted 00:16:10 (13968 turns).

Demosthentine the Spear-Bearer (Merfolk Gladiator) Turns: 13968, Time: 00:16:11

Health: -2/100     AC: 11    Str: 16    XL:     12   Next: 33%
Magic:  19/19      EV: 24    Int:  5    God:    the Shining One [*****.]
Gold:   239        SH:  0    Dex: 18    Spells: 11/11 levels left

rFire    . . .     SeeInvis +   f - +9 bardiche of the Slashing Saviour {vorpal, rC+++ Int-5 SInv Stlth+}
rCold    + + +     Faith    .   (shield currently unavailable)
rNeg     + + .     Spirit   .   M - +1 leather armour of the Foremost Places {rElec Will+ Int+2}
rPois    .         Reflect  .   c - +1 helmet
rElec    +         Harm     .   (no cloak)
rCorr    .         Rampage  .   y - +0 pair of gloves
Will     ++...                  J - +2 pair of boots
Stlth    ++........             l - amulet of the acrobat
HPRegen  0.26/turn              t - ring of the Establishment {EV+4 Stlth+}
MPRegen  0.16/turn              w - ring of willpower

@: glowing, studying Invocations
A: (nimble swimmer 2), mertail
a: Renounce Religion, Divine Shield, Cleansing Flame, Summon Divine Warrior


You were on level 12 of the Dungeon.
You worshipped the Shining One.
The Shining One was extremely pleased with you.
You visited 2 branches of the dungeon, and saw 13 of its levels.
You also visited: Sewer and Bailey.

You collected 605 gold pieces.
You spent 366 gold pieces at shops.

Inventory:

Hand Weapons
 f - the +9 bardiche of the Slashing Saviour (weapon) {vorpal, rC+++ Int-5 SInv Stlth+}
   (You acquired it in a bailey)

   It inflicts extra damage upon your enemies.
   Int:       It affects your intelligence (-5).
   rC:        It renders you almost immune to cold.
   SInv:      It lets you see invisible.
   Stlth:     It makes you more stealthy.
 g - a +2 trident of freezing
Missiles
 d - a throwing net (quivered)
Armour
 c - a +1 helmet (worn)
 y - a +0 pair of gloves (worn)
 J - a +2 pair of boots (worn)
 M - the +1 leather armour of the Foremost Places (worn) {rElec Will+ Int+2}
   (You found it on level 11 of the Dungeon)

   Int:       It affects your intelligence (+2).
   rElec:     It insulates you from electricity.
   Will:      It increases your willpower.
Jewellery
 l - an amulet of the acrobat (around neck)
 t - the ring of the Establishment (left hand) {EV+4 Stlth+}
   (You found it in a bailey)

   [ring of evasion]

   EV:        It affects your evasion (+4).
   Stlth:     It makes you more stealthy.
 w - a ring of willpower (right hand)
 G - a ring of protection from fire
Wands
 b - a wand of paralysis (8)
 A - a wand of iceblast (19)
 C - a wand of polymorph (7)
 D - a wand of flame (35)
 K - a wand of charming (12)
Scrolls
 a - 3 scrolls of blinking
 o - 4 scrolls of enchant weapon
 p - 3 scrolls of teleportation
 r - 4 scrolls of amnesia
 v - 3 scrolls of fear
 x - a scroll of summoning
 E - a scroll of fog
Potions
 e - 3 potions of mutation
 h - 2 potions of attraction
 i - a potion of berserk rage
 j - a potion of ambrosia
 k - a potion of might
 m - 5 potions of flight
 n - a potion of cancellation
 q - 2 potions of heal wounds
 u - a potion of curing
 B - 2 potions of lignification {unknown}
 F - a potion of haste
 I - a potion of resistance
 L - a potion of brilliance


   Skills:
 + Level 11.0 Fighting
 + Level 14.1 Polearms
 - Level 2.0 Throwing
 - Level 5.4 Armour
 + Level 13.1 Dodging
 + Level 10.3 Invocations


You had 11 spell levels left.
You didn't know any spells.
Your spell library contained the following spells:

 Spells                   Type           Power      Damage    Failure   Level
 Corona                   Hex            0%         N/A       54%         1
 Ensorcelled Hibernation  Hex/Ice        0%         N/A       67%         2
 Passwall                 Tmut/Erth      0%         N/A       67%         2
 Sublimation of Blood     Necr           0%         N/A       67%         2
 Wereblood                Tmut           0%         N/A       67%         2
 Swiftness                Air            0%         N/A       88%         3
 Tukima's Dance           Hex            0%         N/A       88%         3
 Animate Armour           Summ/Erth      0%         N/A       99%         4
 Blade Hands              Tmut           0%         N/A       100%        5
 Invisibility             Hex            0%         N/A       100%        6
 Iron Shot                Conj/Erth      0%         9d1       100%        6
 Shadow Creatures         Summ           N/A        N/A       100%        6
 Haunt                    Necr/Summ      0%         N/A       100%        7
 Malign Gateway           Summ/Tloc      0%         N/A       100%        7
 Summon Hydra             Summ           0%         N/A       100%        7


Dungeon Overview and Level Annotations

Branches:
Dungeon (12/15)            Temple (1/1) D:6            Lair (0/6) D:11
    Orc (0/2) D:9           Sewer (visited)          Bailey (visited)

Altars:
Ashenzari
Cheibriados
Dithmenos
Elyvilon
Fedhas
Gozag
Hepliaklqana
Kikubaaqudgha
Makhleb
Nemelex Xobeh
Okawaru
Qazlal
Ru
Sif Muna
Trog
Uskayaw
Vehumet
Wu Jian
Xom
Yredelemnul
Zin
The Shining One

Shops:
D:2 (   D:3 ?   D:4 ?   D:11 [


Innate Abilities, Weirdness & Mutations

((You are quick and stealthy near water. (Stealth+, EV+, Speed+++)))
Your lower body shifts to a powerful aquatic tail in water.


Message History

The large slime creature is heavily wounded.
The large slime creature hits you!
The slime creature completely misses you. x2
You slice the large slime creature!!
The large slime creature is severely wounded.
The large slime creature closely misses you.
The slime creature jiggles.
The slime creature closely misses you. The slime creature hits you!
The slime creature barely misses you.
The large slime creature closely misses you.
You slash the large slime creature!
The large slime creature is almost dead.
The slime creature completely misses you.
The large slime creature misses you. The slime creature hits you.
The slime creature closely misses you.
Unknown command.
You slash the large slime creature!
The large slime creature is almost dead.
The large slime creature barely misses you.
The slime creature completely misses you.
The slime creature barely misses you.
Unknown command.
Unknown command.
You slash the large slime creature!
The large slime creature is almost dead.
The large slime creature hits you!
The slime creature hits you but does no damage.
The slime creature misses you.
You slice the large slime creature!!
You kill the large slime creature!
The slime creature hits you. The slime creature hits you!
* * * LOW HITPOINT WARNING * * *
The slime creature completely misses you. x2
Unknown command.
You slash the slime creature!
The slime creature is moderately wounded.
The slime creature hits you!
* * * LOW HITPOINT WARNING * * *
The slime creature hits you!
You die...

#....$.#
####+##......#####
##.................
...................
...................
......$............
.......J...........
......J@................
.....######'########....
...###.............#....
. #....?..........#....
#...............#....
#............#+##....
............#.......
###.........#.....<.
#.........#.......


You could see 2 slime creatures.

Vanquished Creatures
  An orc warlord (Bailey)
  Fannar (D:11)
  The ghost of ZombieSheep the Fighter, a novice DsMo of Qazlal (D:10)
  2 two-headed ogres (D:10)
  Urug (D:10)
  Sonja (D:11)
  Pikel (D:4)
  2 manticores
  2 cyclopes (D:11)
  A kobold demonologist (D:11)
  2 unseen horrors (D:12)
  A troll (D:10)
  Prince Ribbit (D:6)
  3 slime creatures (D:12)
  Sigmund (D:2)
  2 shadows
  2 wraiths
  2 wyverns
  Grum (D:11)
  2 steam dragons
  An acid dragon (D:11)
  2 two-headed ogre zombies (D:9)
  A water moccasin (D:7)
  8 orc warriors
  2 black bears
  An ogre (D:6)
  2 wolves
  3 centaurs
  5 kobold brigands
  8 bullfrogs
  2 gnoll sergeants
  3 scorpions
  5 killer bees (D:10)
  12 wights
  2 electric eels (D:7)
  4 howler monkeys
  A bullfrog zombie (D:4)
  3 centaur zombies
  A jelly (D:5)
  2 hounds
  8 orc priests
  A centaur skeleton (D:7)
  A gnoll shaman (D:8)
  4 iguanas
  13 orc wizards
  6 ogre zombies (D:9)
  2 hound zombies (D:4)
  A howler monkey zombie (D:7)
  16 gnolls
  17 adders
  A river rat (D:3)
  3 shadow imps
  A white imp (D:5)
  An ufetubus (D:5)
  5 adder zombies (D:4)
  An adder skeleton (D:4)
  3 worms
  55 orcs
  8 ball pythons
  4 endoplasms
  9 giant cockroaches
  15 goblins
  9 hobgoblins
  10 jackals
  8 quokkas
  7 bats
  10 frilled lizards
  4 goblin skeletons (D:9)
  3 goblin zombies (D:9)
  2 hobgoblin skeletons (D:9)
  3 hobgoblin zombies (D:9)
  42 kobolds
  2 orc skeletons (D:9)
  11 orc zombies (D:9)
  8 rats
392 creatures vanquished.

Vanquished Creatures (others)
  11 fungi (D:11)
  12 plants
  2 withered plants (D:4)
25 creatures vanquished.

Grand Total: 417 creatures vanquished

Notes
Turn   | Place    | Note
-------+----------+-------------------------------------------
     0 | D:1      | Demosthentine the Merfolk Gladiator began the quest for the
                  | Orb.
     0 | D:1      | Reached XP level 1. HP: 16/16 MP: 1/1
     4 | D:1      | Got Asmodeus's Compendium of Calling
    39 | D:1      | Reached XP level 2. HP: 23/23 MP: 2/2
   410 | D:1      | Reached XP level 3. HP: 28/28 MP: 3/3
   944 | D:2      | Reached skill level 5 in Polearms
  1026 | D:2      | Reached skill level 1 in Armour
  1042 | D:2      | Reached XP level 4. HP: 28/35 MP: 4/4
  1488 | D:2      | Found a faded altar of an unknown god.
  1555 | D:2      | Noticed Sigmund
  1585 | D:2      | Killed Sigmund
  1586 | D:2      | Reached skill level 6 in Polearms
  1586 | D:2      | Reached skill level 5 in Dodging
  1586 | D:2      | Reached XP level 5. HP: 35/42 MP: 5/5
  1586 | D:2      | Reached XP level 6. HP: 40/48 MP: 6/6
  1687 | D:2      | Found a basalt altar of Yredelemnul.
  1976 | D:2      | Found Jayfrot's Antique Weapon Shoppe.
  2436 | D:3      | Found Vechan's Magic Scroll Shop.
  2827 | D:3      | Found a glowing drain.
  2831 | Sewer    | Entered a sewer
  3116 | Sewer    | Reached XP level 7. HP: 52/55 MP: 7/7
  3435 | D:3      | Reached skill level 7 in Polearms
  4264 | D:4      | Reached skill level 5 in Fighting
  4548 | D:4      | Reached XP level 8. HP: 62/62 MP: 8/8
  4679 | D:4      | Found Ytziru's Magic Scroll Boutique.
  4784 | D:2      | Bought a runed trident for 156 gold pieces
  4820 | D:5      | Entered Level 5 of the Dungeon
  4904 | D:4      | Noticed Pikel
  4922 | D:4      | Killed Pikel
  4923 | D:4      | Reached skill level 8 in Polearms
  5654 | D:5      | Found a sacrificial altar of Ru.
  5732 | D:5      | Found a hazy altar of Hepliaklqana.
  5793 | D:5      | Reached skill level 9 in Polearms
  6061 | D:5      | Reached XP level 9. HP: 71/71 MP: 9/9
  7312 | D:6      | Noticed Prince Ribbit
  7329 | D:6      | Killed Prince Ribbit
  7580 | D:6      | Found a staircase to the Ecumenical Temple.
  7638 | D:6      | Found a broken altar of Ashenzari.
  7780 | Temple   | Entered the Ecumenical Temple
  7786 | Temple   | Became a worshipper of the Shining One
  7897 | D:7      | Reached skill level 10 in Polearms
  7981 | D:7      | Found a flagged portal.
  7988 | Bailey   | Entered a bailey
  8038 | Bailey   | Noticed an orc warlord
  8362 | Bailey   | Found a runed translucent gate.
  8377 | Bailey   | Found a runed translucent gate.
  8379 | Bailey   | Found a runed translucent gate.
  8396 | Bailey   | Reached skill level 5 in Armour
  8631 | Bailey   | Killed an orc warlord
  8632 | Bailey   | Reached skill level 11 in Polearms
  8632 | Bailey   | Reached skill level 10 in Dodging
  8632 | Bailey   | Reached XP level 10. HP: 82/82 MP: 10/10
  8713 | Bailey   | Identified the ring of the Establishment {EV+4 Stlth+}
  8720 | Bailey   | Acquired the +9 bardiche of the Slashing Saviour {vorpal,
                  | rC+++ Int-5 SInv Stlth+}
  8723 | Bailey   | Acquired a manual of Invocations
  8880 | D:7      | Reached skill level 1 in Invocations
  9750 | D:8      | Found an ancient bone altar of Kikubaaqudgha.
  9816 | D:8      | Reached * piety under the Shining One
 10161 | D:8      | Found a white marble altar of Elyvilon.
 10194 | D:8      | Found a hide-covered altar of Uskayaw.
 11277 | D:9      | Reached ** piety under the Shining One
 11289 | D:9      | Reached skill level 12 in Polearms
 11308 | D:9      | Found a staircase to the Orcish Mines.
 11309 | D:9      | Reached *** piety under the Shining One
 11314 | D:9      | Reached skill level 5 in Invocations
 11329 | D:9      | Reached XP level 11. HP: 74/89 MP: 13/15
 11382 | D:9      | Reached **** piety under the Shining One
 11555 | D:10     | Entered Level 10 of the Dungeon
 11555 | D:10     | Found a runed translucent door.
 11555 | D:10     | Noticed ZombieSheep's ghost (novice DsMo)
 11557 | D:10     | Noticed Urug
 11562 | D:10     | Killed Urug
 11851 | D:10     | Noticed a two-headed ogre
 11858 | D:10     | Killed a two-headed ogre
 12179 | D:10     | Killed ZombieSheep's ghost
 12180 | D:10     | Reached skill level 10 in Fighting
 12421 | D:11     | Reached skill level 13 in Polearms
 12432 | D:11     | Noticed Sonja
 12434 | D:11     | Noticed a two-headed ogre
 12435 | D:11     | Noticed Grum
 12438 | D:11     | Killed Sonja
 12596 | D:10     | Killed a two-headed ogre
 12606 | D:11     | Killed Grum
 12785 | D:11     | Noticed a cyclops
 12790 | D:11     | Killed a cyclops
 12945 | D:11     | Found Hiyk's Antique Armour Emporium.
 12964 | D:11     | Bought a pair of embroidered boots for 210 gold pieces
 13076 | D:11     | Noticed a manticore
 13083 | D:11     | Killed a manticore
 13166 | D:11     | Noticed a cyclops
 13166 | D:11     | Reached ***** piety under the Shining One
 13175 | D:11     | Killed a cyclops
 13176 | D:11     | Reached XP level 12. HP: 85/99 MP: 18/18
 13242 | D:11     | Found a staircase to the Lair.
 13587 | D:11     | Noticed Fannar
 13610 | D:11     | Killed Fannar
 13802 | D:11     | Identified the +1 leather armour of the Foremost Places
                  | {rElec Will+ Int+2}
 13929 | D:12     | Reached skill level 14 in Polearms
 13929 | D:12     | Reached skill level 10 in Invocations
 13968 | D:12     | Slain by a slime creature

Illustrated notes

Levels and vault maps discovered:
D:1:      minmay_arrival_radiant_lines, layout_basic
D:2:      layout_loops_ring, basic_altar, basic_ecumenical_altar, serial_shops,
          nicolae_lakefront_shop, hangedman_decor_push, minivault_23,
          ebering_dispersal_statue_hall, st_stairs_9, minmay_misc_feat_alley,
          uniq_sigmund
D:3:      layout_basic, gup_sewer_entry_spiral, serial_shops, nicolae_shop_trees
D:4:      layout_loops_ring, serial_shops, nicolae_shop_crystal, serial_undead,
          serial_undead_f, serial_undead_f, serial_undead_b, serial_undead_d,
          uniq_pikel
D:5:      cheibrodos_thug_alley, layout_basic, mainiacjoe_overflow_paths,
          kennysheep_mini_moat
D:6:      layout_cave_pools, evilmike_ruin_ashenzari,
          minmay_temple_entry_stoned_glass, uniq_prince_ribbit1
D:7:      layout_loops_ring, enter_bailey_3, serial_bayou_ford_a
D:8:      layout_basic, mainiacjoe_overflow_two_lobes,
          mainiacjoe_overflow_tiny_flanked
D:9:      layout_loops_ring, zombieorc2_lemuel, minivault_21
D:10:     layout_big_octagon, hellmonk_ghost_happy_afterlife, uniq_urug
D:11:     layout_long_grid, grunt_lair_entry_orc_guard_hut, serial_shops,
          nicolae_shop_overgrown_old_shop, nrook_campfire, uniq_grum,
          uniq_sonja, uniq_fannar
D:12:     layout_irregular_city, kennysheep_generic_room_3
Temple:   nicolae_temple_x_marks_the_god

Skill      XL: |  1  2  3  4  5  6  7  8  9 10 11 12 |
---------------+-------------------------------------+-----
Polearms       | 5 6 7 9 11 12 13 14 | 14.1
Fighting       | 3 4 5 6 8 9 10 11 | 11.0
Armour         | 1 2 3 4 5 |  5.4
Dodging        | 5 6 8 10 11 12 13 | 13.1
Invocations    | 5 9 10 | 10.3
Throwing       | |  2.0

Action                   |  1- 3 |  4- 6 |  7- 9 | 10-12 || total
-------------------------+-------+-------+-------+-------++-------
Melee: Trident           |   112 |   210 |   519 |     3 ||   844
       Tailslap          |     6 |     4 |     9 |       ||    19
       Bardiche          |       |       |       |   329 ||   329
Throw: Throwing net      |       |     1 |     2 |       ||     3
  Use: Scroll            |     1 |     1 |    12 |    13 ||    27
       Potion            |       |     3 |     2 |     1 ||     6
 Stab: Sleeping          |       |     2 |     3 |       ||     5
Armor: Leather armour    |    26 |    29 |    73 |    60 ||   188
Dodge: Dodged            |    74 |   121 |   292 |   330 ||   817
